 Dungeon Crawl Stone Soup version 0.22-a0-135-g6f012ad (webtiles) character file.

35 nono the Changer (level 3, -7/17 HPs)
             Began as a Vine Stalker Transmuter on Feb 1, 2018.
             Killed by divine providence
             ... invoked by an orc priest
              (11 damage)
             ... on level 2 of the Dungeon.
             The game lasted 00:02:35 (480 turns).

nono the Changer (Vine Stalker Transmuter)           Turns: 480, Time: 00:02:36

Health: -7/17      AC:  2    Str: 12    XL:     3   Next: 35%
Magic:  0/7        EV: 12    Int: 14    God:
Gold:   40         SH:  0    Dex: 14    Spells: 0/6 levels left

rFire    . . .     SeeInvis .     - Unarmed
rCold    . . .     Gourm    .   (no shield)
rNeg     . . .     Faith    .   b - +0 robe
rPois    .         Spirit   +   (no helmet)
rElec    .         Reflect  .   (no cloak)
rCorr    .         Harm     .   (no gloves)
MR       .....                  (no boots)
Stlth    +.........             (no amulet)
HPRegen  0.05/turn              (no ring)
MPRegen  0.10/turn              (no ring)

@: no status effects
A: fangs 2, magic shield, antimagic bite, no potion heal 3, rot immunity
a: no special abilities


You were on level 2 of the Dungeon.
You were not hungry.

You visited 1 branch of the dungeon, and saw 2 of its levels.

You collected 40 gold pieces.

Inventory:

Missiles
 a - 33 arrows
Armour
 b - a +0 robe (worn)
Scrolls
 e - 2 scrolls of enchant weapon {unknown}
 f - 2 scrolls of fog {unknown}
 i - a scroll of identify {unknown}
Potions
 h - a potion of invisibility {unknown}
 j - a potion of brilliance {unknown}
 l - a potion of lignification {unknown}
Books
 c - a book of Changes

   Spells                             Type                      Level
   a - Beastly Appendage              Transmutation                1
   b - Sticks to Snakes               Transmutation                2
   c - Spider Form                    Transmutation/Poison         3
   d - Ice Form                       Ice/Transmutation            4
   e - Blade Hands                    Transmutation                5
Comestibles
 d - 2 rations
 k - 3 chunks of flesh


   Skills:
 - Level 0.8 Fighting
 - Level 1.5 Dodging
 - Level 3.0 Unarmed Combat
 - Level 2.1 Spellcasting
 + Level 3.7 Transmutations


You couldn't memorise any spells.
You knew the following spells:

 Your Spells              Type           Power        Failure   Level  Hunger
a - Beastly Appendage     Tmut           ##....       4%          1    #......
b - Spider Form           Tmut/Pois      #.........   32%         3    ###....
c - Sticks to Snakes      Tmut           ##......     8%          2    ###....


Dungeon Overview and Level Annotations

Branches:
Dungeon (2/15)

Altars:


Innate Abilities, Weirdness & Mutations

You have extremely sharp teeth.
When hurt, damage is shared between your health and your magic reserves.
Your bite disrupts and absorbs the magic of your enemies.
Potions cannot restore your health.
You are immune to rotting.


Message History

The orc wizard shouts!
The orc shouts! x2
The orc wizard gestures wildly while chanting.
The orc wizard blinks!
The orc priest invokes the aid of Beogh against you.
Beogh smites you!
* * * LOW HITPOINT WARNING * * *
Casting: Spider Form (safe; 32% risk of failure)
Confirm with . or Enter, or press ? or * to list all spells.
You don't have enough magic to cast that spell.
You aren't carrying any items that you can evoke.
It was a potion of heal wounds.
That seemed strangely inert.
The orc wizard hits you with a dagger.
* * * LOW HITPOINT WARNING * * *
The orc wizard casts a spell.
The orc wizard blinks!
The orc priest miscasts a cantrip.
The orc priest invokes the aid of Beogh against you.
Beogh smites you!
Ouch! That really hurt!
You die...

#..# #... ##.#.###.... #..#
###..#.###......)....
##..###.........)...###>...
#............###....# ..
#...###.###..#[##.#.#### #
####.............#........##.##
oo.o...o...[....###............
####.#.##..###...#.##...#.##.#
#.#.##..###..@<.#......##.#
#......oo...........<.....#
###....o........#......####
####...........#.##..#######
#..............##........
#.#.....รท......#...######
#.#.###...####....#.#
##.###.##...# #...##..# #.#
##.....# ##...##.#


You could see an orc priest, an orc wizard and an orc.

Vanquished Creatures
  2 adders (D:2)
  2 leopard geckos (D:1)
  A giant cockroach (D:2)
  A hobgoblin (D:2)
  A quokka (D:2)
  2 ball pythons (D:2)
  A bat (D:2)
  A frilled lizard (D:2)
11 creatures vanquished.

Vanquished Creatures (collateral kills)
  An adder (D:2)
1 creature vanquished.

Grand Total: 12 creatures vanquished

Notes
Turn   | Place    | Note
-------+----------+-------------------------------------------
     0 | D:1      | nono the Vine Stalker Transmuter began the quest for the Orb.
     0 | D:1      | Reached XP level 1. HP: 9/9 MP: 4/4
    77 | D:2      | Reached XP level 2. HP: 11/14 MP: 4/6
   188 | D:2      | Reached XP level 3. HP: 11/17 MP: 5/7
   193 | D:2      | Learned a level 3 spell: Spider Form
   260 | D:2      | Learned a level 2 spell: Sticks to Snakes
   480 | D:2      | Killed from afar by an orc priest

Vault maps used:
D:1:      lemuel_arrival_rhombus
D:2:      cheibriados_altar_1, first_ration, minmay_pentomino_r2

Skill      XL: |  1  2 |
---------------+-------+-----
Transmutations | 3 |  3.7
Fighting       | |  0.8
Dodging        | |  1.5
Unarmed Combat | |  3.0
Spellcasting   | |  2.1

Action                   || total
-------------------------++-------
Melee: Unarmed           ||    37
       Bite              ||     5
       Punch             ||     2
       Kick              ||     1
       Headbutt          ||     2
 Cast: Beastly Appendage ||     9
       Spider Form       ||     1
       Sticks to Snakes  ||     1
  Use: Potion            ||     1
Armor: Robe              ||     9
Dodge: Dodged            ||    24

Table legend:
 A = Spawn XP
 B = Non-spawn XP
 C = Spawn XP percentage of total XP
 D = Spawn monster count
 E = Non-spawn monster count
 F = Spawn count percentage of total count
 G = Total turns spent on level
                    A         B        C        D         E        F      G
               +---------+---------+-------+---------+---------+-------+---------
         Total |       0 |      51 |   0.0 |       0 |      12 |   0.0 |   480
               +---------+---------+-------+---------+---------+-------+---------
           D:1 |       0 |       6 |   0.0 |       0 |       2 |   0.0 |    72
           D:2 |       0 |      45 |   0.0 |       0 |      10 |   0.0 |   408
               +---------+---------+-------+---------+---------+-------+---------
